 Dungeon Crawl Stone Soup version 0.27.0-1-g7a089689b8 (webtiles) character file.

Game seed: 8649059344922197204

2 Acheron the Grasshopper (level 1, -1/12 HPs)
             Began as a Gargoyle Warper on Aug 2, 2021.
             Slain by a jackal (2 damage)
             ... on level 1 of the Dungeon.
             The game lasted 00:00:16 (18 turns).

Acheron the Grasshopper (Gargoyle Warper)             Turns: 18, Time: 00:00:17

Health: -1/12      AC:  5    Str: 14    XL:     1   Next: 40%
Magic:  3/3        EV: 11    Int: 13    God:
Gold:   0          SH:  0    Dex:  9    Spells: 4/4 levels left

rFire    . . .     SeeInvis .   a - +0 hand axe
rCold    . . .     Faith    .   (no shield)
rNeg     + . .     Spirit   .   b - +0 leather armour
rPois    ∞         Reflect  .   (no helmet)
rElec    +         Harm     .   (no cloak)
rCorr    .         Rampage  .   (no gloves)
Will     .....                  (no boots)
Stlth    +.........             (no amulet)
HPRegen  0.04/turn              (no ring)
MPRegen  0.08/turn              (no ring)

@: no status effects
A: sickness immunity, AC +2, negative energy resistance 1, electricity
resistance, torment resistance 1, petrification resistance
a: no special abilities


You were on level 1 of the Dungeon.
You visited 1 branch of the dungeon, and saw 1 of its levels.

Inventory:

Hand Weapons
 a - a +0 hand axe (weapon)
Missiles
 d - 5 boomerangs of dispersal (quivered)
Armour
 b - a +0 leather armour (worn)
Scrolls
 c - a scroll of blinking


   Skills:
 + Level 2.2 Fighting
 + Level 1.7 Axes
 + Level 0.8 Throwing
 + Level 1.1 Armour
 + Level 1.5 Dodging
 + Level 2.0 Spellcasting
 + Level 2.8 Translocations


You had 4 spell levels left.
You didn't know any spells.
Your spell library contained the following spells:

 Spells                   Type           Power      Damage    Failure   Level
 Blink                    Tloc           N/A        N/A       14%         2
 Gell's Gravitas          Tloc           4%         N/A       28%         3
 Lesser Beckoning         Tloc           4%         N/A       28%         3
 Teleport Other           Tloc           8%         N/A       28%         3
 Manifold Assault         Tloc           8%         N/A       95%         5


Dungeon Overview and Level Annotations

Branches:
Dungeon (1/15)

Altars:


Innate Abilities, Weirdness & Mutations

You are immune to sickness and miasma.
Your stone body is resilient. (AC +2)
You are immune to poison.
You resist negative energy. (rN+)
You are resistant to electric shocks. (rElec)
You are resistant to unholy torment.
You are immune to petrification.


Message History

The jackal barely misses you.
The jackal bites you but does no damage.
The kobold hits you with a +0 short sword.
The jackal completely misses you.
You hit the jackal.
The jackal is heavily wounded.
You barely miss the jackal. You miss the kobold. The jackal misses you.
The jackal closely misses you. The kobold barely misses you.
The jackal closely misses you.
You hit the jackal but do no damage.
The jackal is heavily wounded.
You closely miss the kobold. You hit the jackal but do no damage.
The jackal bites you. x2
* * * LOW HITPOINT WARNING * * *
The kobold hits you but does no damage. The jackal bites you.
* * * LOW HITPOINT WARNING * * *
The jackal closely misses you.
A kobold opens the door.
You hit the jackal but do no damage.
The jackal is heavily wounded.
You hit the jackal but do no damage.
The jackal bites you but does no damage.
The jackal barely misses you.
A kobold opens the door.
The jackal completely misses you. The jackal barely misses you.
You closely miss the jackal.
The jackal is heavily wounded.
You barely miss the jackal. The jackal closely misses you.
The jackal bites you but does no damage.
The jackal completely misses you. The kobold hits you but does no damage.
You closely miss the kobold.
The kobold is severely wounded.
You hit the jackal.
You kill the jackal!
You closely miss the jackal.
The jackal bites you but does no damage.
The kobold hits you but does no damage.
You completely miss the kobold.
The kobold is severely wounded.
You hit the jackal. The jackal bites you.
You die...

.♣.. .....
..... ......
......
++++++##......
+....K........
+...@'†.......
+..<.h........
+....+........
++++++........
..#......
.##...... ..
...... ..
#..... ..#
#....


You could see a jackal and a kobold.

Vanquished Creatures
  A bat (D:1)
  A jackal (D:1)
2 creatures vanquished.

Notes
Turn   | Place    | Note
-------+----------+-------------------------------------------
     0 | D:1      | Acheron the Gargoyle Warper began the quest for the Orb.
     0 | D:1      | Reached XP level 1. HP: 12/12 MP: 3/3
    18 | D:1      | Slain by a jackal

Illustrated notes

Levels and vault maps discovered:
D:1:      lightli_arrival_maybe_door_vault, layout_rooms,
          chequers_ecumenical_altar_simple

Action                   || total
-------------------------++-------
Melee: Hand axe          ||    11
Armor: Leather armour    ||    12
Dodge: Dodged            ||    19
